cohdb
Replays
Latest Replays
All Replays
Popular Replays
Top Player Replays
Match Explorer
How It Works
Community
CoH3 Stats
Reddit
Sign in to upload your games and track your stats! →
Sign in with Steam
Co-ordinated allies comeback
Match 29247045
Overview
Messages
Build Orders
End
Construct Section Command Post
Infantry Section
Vickers Machine Gun Team
Infantry Section
Infantry Section
Grenade Package
Selects Indian Artillery Battlegroup
Construct Platoon Command Post
Construct Field Infirmary
6-pounder Anti-tank Gun Team
Selects Valour
Selects Gurkha Rifles Section
Construct Company Command Post
Matilda II Heavy Tank
Gurkha Rifles Section
Selects Artillery Saturation
Selects Off-map Airburst Barrage
Unlock M3 Grant Medium Tanks
M3 Grant Medium Tank
Selects Volunteer Infantry
M3 Grant Medium Tank
Gurkha Rifles Section
Off-map Airburst Barrage
Royal Engineer Section
M3 Grant Medium Tank
Off-map Airburst Barrage
Off-map Airburst Barrage
M3 Grant Medium Tank
M3 Grant Medium Tank
chiK0n b0nes.
fitzayyy
Jank
FartSmuggler
Precision
Yox
~Neo~
Archon11
0
0
Comments
sign in to comment!
No comments posted yet!